 Dungeon Crawl Stone Soup version 0.30-a0-1082-g70414cbcbb (webtiles) character file.

Game seed: 291018609757516381

1479 themarg the Summoner (level 8, -9/53 HPs)
             Began as a Merfolk Summoner on Apr 15, 2023.
             Was a Follower of Fedhas.
             Killed from afar by an electric eel (13 damage)
             ... with a bolt of electricity
             ... on level 7 of the Dungeon.
             The game lasted 00:23:06 (7113 turns).

themarg the Summoner (Merfolk Summoner)             Turns: 7113, Time: 00:23:07

Health: -9/53      AC:  4    Str:  9    XL:     8   Next: 79%
Magic:  8/11       EV: 13    Int: 16    God:    Fedhas [*.....]
Gold:   355        SH:  0    Dex: 14    Spells: 1/11 levels left

rFire   . . .      SeeInvis .    B - +2 spear (venom)
rCold   . . .      Faith    .    (no shield)
rNeg    . . .      Spirit   .    a - +0 robe
rPois   .          Reflect  .    (no helmet)
rElec   .          Rampage  .    (no cloak)
rCorr   +                        e - +1 pair of gloves
Will    .....                    (no boots)
Stlth   ++                       (no amulet)
HPRegen 0.28/turn                j - ring of resist corrosion
MPRegen 0.12/turn                (no ring)

@: no status effects
A: (nimble swimmer 2), mertail
a: Renounce Religion


You were on level 7 of the Dungeon.
You worshipped Fedhas.
Fedhas was aware of your devotion.
You visited 1 branch of the dungeon, and saw 7 of its levels.

You collected 355 gold pieces.

Inventory:

Hand Weapons
 B - a +2 spear of venom (weapon)
Missiles
 d - 70 stones
 g - 8 poisoned darts
 t - 4 boomerangs
Armour
 a - a +0 robe (worn)
 e - a +1 pair of gloves (worn)
Jewellery
 j - a ring of resist corrosion (left hand)
Wands
 f - a wand of paralysis (14)
 l - a wand of polymorph (9)
Scrolls
 c - a scroll of summoning {unknown}
 h - 3 scrolls of teleportation
 i - 2 scrolls of poison
 n - 2 scrolls of fog
 p - a scroll of immolation
 q - a scroll of amnesia
 s - a scroll of vulnerability {unknown}
 w - 2 scrolls of magic mapping {unknown}
 y - a scroll of acquirement {unknown}
 A - a scroll of blinking {unknown}
Potions
 b - 2 potions of magic
 k - a potion of cancellation
 m - 2 potions of flight
 o - a potion of resistance {unknown}
 r - 2 potions of curing
 u - a potion of heal wounds
 v - a potion of brilliance
 x - a potion of invisibility {unknown}
 z - a potion of might {unknown}


   Skills:
 + Level 0.8 Fighting
 + Level 3.0 Dodging
 - Level 3.0 Stealth
 - Level 2.0 Spellcasting
 - Level 10.0 Summonings
 - Level 4.0 Air Magic


You had one spell level left.
You knew the following spells:

 Your Spells              Type           Power      Damage    Failure   Level
a - Summon Small Mammal   Summ           100%       N/A       1%          1
b - Call Imp              Summ           66%        N/A       1%          2
c - Call Canine Familiar  Summ           33%        N/A       1%          3
d - Summon Lightning Spi  Summ/Air       24%        N/A       12%         4

Your spell library contained the following spells:

 Spells                   Type           Power      Damage    Failure   Level
 Apportation              Tloc           2%         N/A       21%         1
 Necrotise                Necr           4%         1d4       21%         1
 Summon Guardian Golem    Hex/Summ       17%        N/A       8%          3


Dungeon Overview and Level Annotations

Branches:
Dungeon (7/15)
 Temple: D:4-7

Altars:
Ashenzari
Fedhas
Okawaru
Qazlal
Sif Muna
Trog
Uskayaw
Zin


Innate Abilities, Weirdness & Mutations

((You are very nimble when in or above water. (Stealth+, EV+, Speed+++)))
Your lower body shifts to a powerful aquatic tail in water.


Message History

Reach: B) +2 spear (venom)
Press: ? - help, Dir - move target, f - dart slug
Aim: a dart slug (ally target, about 6% to evade your +2 spear of venom)
You reach to attack!
You completely miss the dart slug.
The electric eel shoots out a bolt of lightning at you!
The bolt of electricity hits you!
Your hound bites the dart slug but does no damage.
The orc shouts!
You hear a shout!
Reach: B) +2 spear (venom)
Press: ? - help, Dir - move target, f/p - dart slug
Aim: a dart slug (ally target, about 6% to evade your +2 spear of venom)
You reach to attack!
You hit the dart slug.
The dart slug is heavily wounded.
You hear a shout!
Your hound bites the dart slug.
The electric eel shoots out a bolt of lightning at you!
The bolt of electricity hits you!
An orc comes into view. It is wielding a +0 flail.
The electric eel shoots out a bolt of lightning at you!
The bolt of electricity hits you!
An orc wizard comes into view. It is wielding a +0 dagger.
The dart slug barely misses your hound. The dart slug launches a dart at you.
The slug dart hits you.
Your hound bites the dart slug.
The dart slug dies!
Fedhas appreciates your contribution to the ecosystem.
An electric eel comes into view.
A dart slug comes into view.
The electric eel shoots out a bolt of lightning at you!
The bolt of electricity misses you.
You see here a +0 dagger.
An orc comes into view. It is wielding a +0 club.
The electric eel shoots out a bolt of lightning at you!
The bolt of electricity hits you!
* * * LOW HITPOINT WARNING * * *
The orc closely misses your hound.
The electric eel shoots out a bolt of lightning at you!
The bolt of electricity hits you!
You die...
Fedhas appreciates your contribution to the ecosystem.

...#.......)~~#≈~~≈
.#....<..)~≈#≈..~≈≈≈~~.
......8.).)≈≈≈#...~≈≈#~.
.........~≈≈#≈~).~≈≈≈≈w~
........~~≈≈#≈~~.~≈≈≈S#o~
......(.~≈≈≈~~~.?.≈≈≈≈~~ .
.........≈≈~~≈~[<.~≈≈~~#..
........~≈≈~~~≈...~~~~S≈w#
.......†~~~~~≈~~@~~≈S≈≈≈~.
........≈≈#~~≈~)~##≈≈wo..
........≈≈≈≈.~..~≈≈≈≈...
.....$..≈≈≈†~..$~≈≈≈~...
........##~~~~~~~~≈ho$..
........##.≈#≈~≈##.#o...
#.....#.#.##~≈.~~##.....
#.#.##..........# (....
......?.........# #...


You could see 3 electric eels, an orc wizard, 2 dart slugs, 3 orcs and a
friendly hound (summoned).

Vanquished Creatures
  An orc warrior (D:6)
  A sky beast (D:6)
  An ogre (D:4)
  An orc priest (D:4)
  An iguana (D:5)
  3 orc wizards (D:6)
  2 gnolls
  2 adders (D:6)
  4 dart slugs
  3 orcs
  An endoplasm (D:4)
  4 goblins
  2 hobgoblins
  A quokka (D:4)
  A ball python (D:3)
  A kobold (D:1)
  2 rats (D:1)
31 creatures vanquished.

Vanquished Creatures (collateral kills)
  2 black bears (D:5)
  A centaur (D:6)
  5 wights (D:7)
  2 jellies (D:5)
  2 gnoll boudas
  2 iguanas
  A sleepcap (D:5)
  2 orc wizards
  5 gnolls
  7 adders
  A white imp (D:5)
  An ufetubus (D:5)
  A worm (D:2)
  7 dart slugs
  12 orcs
  11 endoplasms
  2 giant cockroaches
  6 goblins
  4 hobgoblins
  2 jackals (D:3)
  4 quokkas
  6 ball pythons
  6 bats
  4 frilled lizards
  7 kobolds
  5 rats
  A spectral hobgoblin (D:1)
109 creatures vanquished.

Vanquished Creatures (others)
  3 orc wizards
3 creatures vanquished.

Grand Total: 143 creatures vanquished

Notes
Turn   | Place    | Note
-------+----------+-------------------------------------------
     0 | D:1      | themarg the Merfolk Summoner began the quest for the Orb.
     0 | D:1      | Reached XP level 1. HP: 13/13 MP: 3/3
   140 | D:1      | Found a faded altar of an unknown god.
   173 | D:1      | Reached XP level 2. HP: 15/19 MP: 0/5
   233 | D:1      | Learned a level 2 spell: Call Imp
   836 | D:1      | Reached XP level 3. HP: 21/23 MP: 2/6
   876 | D:1      | Upgraded the game from 0.30-a0-1075-gcd70e7a56d to
                  | 0.30-a0-1082-g70414cbcbb
  1074 | D:2      | Learned a level 3 spell: Call Canine Familiar
  1337 | D:2      | Reached skill level 5 in Summonings
  1439 | D:2      | Reached XP level 4. HP: 24/30 MP: 0/7
  2569 | D:3      | Found a stormy altar of Qazlal.
  2642 | D:3      | Reached XP level 5. HP: 35/35 MP: 4/8
  2652 | D:3      | Reached skill level 6 in Summonings
  3086 | D:4      | Noticed an ogre
  3116 | D:4      | Killed an ogre
  3117 | D:4      | Reached XP level 6. HP: 38/41 MP: 1/9
  3231 | D:4      | Reached skill level 7 in Summonings
  4175 | D:4      | Found a broken altar of Ashenzari.
  4180 | D:4      | Found a hide-covered altar of Uskayaw.
  4185 | D:4      | Found an iron altar of Okawaru.
  4494 | D:5      | Entered Level 5 of the Dungeon
  4583 | D:5      | Reached XP level 7. HP: 21/46 MP: 7/10
  4699 | D:5      | Reached skill level 8 in Summonings
  4755 | D:5      | Reached skill level 1 in Air Magic
  4891 | D:5      | Found a bloodstained altar of Trog.
  4893 | D:5      | Found a blossoming altar of Fedhas.
  4896 | D:5      | Became a worshipper of Fedhas Madash
  5184 | D:5      | Found a glowing silver altar of Zin.
  5362 | D:5      | Learned a level 4 spell: Summon Lightning Spire
  5567 | D:6      | Reached XP level 8. HP: 12/52 MP: 3/11
  6419 | D:6      | Reached skill level 9 in Summonings
  6883 | D:6      | Found a shimmering blue altar of Sif Muna.
  7088 | D:7      | Reached skill level 10 in Summonings
  7103 | D:7      | Reached * piety under Fedhas
  7113 | D:7      | Killed from afar by an electric eel

Illustrated notes

Levels and vault maps discovered:
D:1:      matt_arrival_spirals, layout_basic,
          dreamdust_ecumenical_altar_drowned_temple
D:2:      layout_basic, hex_large
D:3:      minmay_recursive_quarters, layout_rooms, general_overflow_altar
D:4:      layout_loops_ring, minmay_overflow_temple_star_quad
D:5:      layout_basic, mainiacjoe_overflow_alcove_1, minitemple
D:6:      layout_basic, kennysheep_orc_sif_temple
D:7:      kennysheep_slugbush, layout_rooms, minmay_temple_entry_proselytizer,
          minmay_starry_boxes

Skill      XL: |  1  2  3  4  5  6  7  8 |
---------------+-------------------------+-----
Stealth        | 3 |  3.0
Summonings     | 5 6 7 8 10 | 10.0
Air Magic      | 2 4 |  4.0
Dodging        | 3 |  3.0
Fighting       | |  0.8
Spellcasting   | |  2.0

Action                     |  1- 3 |  4- 6 |  7- 9 || total
---------------------------+-------+-------+-------++-------
  Melee: Short sword       |    41 |    29 |       ||    70
         Trident           |       |    54 |    36 ||    90
         Punch             |       |     1 |       ||     1
         Spear             |       |       |    59 ||    59
         Tailslap          |       |       |     1 ||     1
   Cast: Summon Small Mamm |    41 |    33 |     6 ||    80
         Call Imp          |     6 |    18 |    11 ||    35
         Call Canine Famil |     3 |    23 |    26 ||    52
         Summon Lightning  |       |       |     1 ||     1
  Evoke: Wand              |       |       |     2 ||     2
    Use: Scroll            |       |    12 |       ||    12
   Stab: Distracted        |     1 |       |     2 ||     3
         Sleeping          |       |     1 |       ||     1
 Armour: Robe              |     4 |    14 |    14 ||    32
  Dodge: Dodged            |    25 |    54 |    39 ||   118

Table legend: (Time is in decaauts)
 A = Elapsed time spent in this place.
 B = Non-inter-level travel time spent in this place.
 C = Inter-level travel time spent in this place.
 D = Time resting spent in this place.
 E = Time spent auto-exploring this place.
 F = Levels seen in this place.
 G = Mean time per level.
                   A        B        C        D        E       F      G
               +--------+--------+--------+--------+--------+-----+--------+
         Total |   7132 |   6925 |    207 |    431 |   5162 |   7 | 1018.9 |
       Dungeon |   7132 |   6925 |    207 |    431 |   5162 |   7 | 1018.9 |
               +--------+--------+--------+--------+--------+-----+--------+

Top non-repeatable levels by time:
     D:6: 1693 daAuts
     D:4: 1299 daAuts
     D:2: 1219 daAuts
     D:1: 1053 daAuts
     D:3: 934 daAuts
     D:5: 898 daAuts
     D:7: 33 daAuts
